 Dungeon Crawl Stone Soup version 0.28.0-45-g0d030f2227 (webtiles) character file.

Game seed: 14297696838209598865

79 bobregger the Skirmisher (level 4, -8/50 HPs)
             Began as an Ogre Berserker on Apr 17, 2022.
             Was a Follower of Trog.
             Mangled by a gnoll
             ... wielding a +0 flail
              (12 damage)
             ... on level 2 of the Dungeon.
             The game lasted 00:01:34 (2358 turns).

bobregger the Skirmisher (Ogre Berserker)           Turns: 2358, Time: 00:01:35

Health: -8/50      AC:  3    Str: 21    XL:     4   Next: 38%
Magic:  4/4        EV: 10    Int:  8    God:    Trog [*.....]
Gold:   75         SH:  0    Dex: 10    Spells: 3/3 levels left

rFire   . . .      SeeInvis .   a - +0 mace
rCold   . . .      Faith    .   (no shield)
rNeg    . . .      Spirit   .   b - +0 animal skin
rPois   .          Reflect  .   (helmet restricted)
rElec   .          Harm     .   (no cloak)
rCorr   .          Rampage  .   (gloves unavailable)
Will    .....                   (boots unavailable)
Stlth   +.........              (no amulet)
HPRegen 0.16/turn               (no ring)
MPRegen 0.09/turn               (no ring)

@: on berserk cooldown, slowed, very slow
A: large, unfitting armour, tough skin 1
a: Renounce Religion, Berserk


You were on level 2 of the Dungeon.
You worshipped Trog.
Trog was aware of your devotion.
You visited 1 branch of the dungeon, and saw 2 of its levels.

You collected 75 gold pieces.

Inventory:

Hand Weapons
 a - a +0 mace (weapon)
Armour
 b - a +0 animal skin (worn)
Jewellery
 i - a ring of flight
Scrolls
 c - a scroll of magic mapping {unknown}
 d - a scroll of immolation {unknown}
 e - a scroll of fog {unknown}
 f - a scroll of noise {unknown}
 g - 2 scrolls of identify {unknown}


   Skills:
 + Level 5.1 Fighting
 + Level 3.4 Maces & Flails
 + Level 3.4 Dodging


You had 3 spell levels left.
You didn't know any spells.
Your spell library was empty.

Dungeon Overview and Level Annotations

Branches:
Dungeon (2/15)

Altars:

Shops:
D:1 *


Innate Abilities, Weirdness & Mutations

You are too large for most types of armour.
You have tough skin. (AC +1)


Message History

The gnoll shouts!
The gnoll closely misses you.
You hit the gnoll.
The gnoll is almost dead.
The gnoll closely misses you.
You thump the gnoll!
You kill the gnoll!
Trog accepts your kill.
Your Fighting skill increases to level 5!
The gnoll barely misses you.
Things that are here:
a +0 halberd; a gnoll corpse You sock the gnoll!
You kill the gnoll!
Trog accepts your kill.
You closely miss the gnoll. The gnoll hits you with a +0 flail!
You hit the gnoll.
The gnoll is moderately wounded.
You are no longer berserk.
You are exhausted.
You feel yourself slow down.
The gnoll hits you from afar with a +0 spear!
The gnoll hits you with a +0 flail!
* * * LOW HITPOINT WARNING * * *
The gnoll hits you with a +0 flail!
* * * LOW HITPOINT WARNING * * *
It was a potion of curing.
You feel better.
The gnoll hits you from afar with a +0 spear.
* * * LOW HITPOINT WARNING * * *
The gnoll barely misses you.
You feel better.
The gnoll hits you from afar with a +0 spear.
The gnoll hits you with a +0 flail!
* * * LOW HITPOINT WARNING * * *
The gnoll hits you from afar with a +0 spear.
* * * LOW HITPOINT WARNING * * *
The gnoll completely misses you. The gnoll barely misses you.
The gnoll hits you with a +0 flail!
You die...

#.# #)# #)# #.#
#.# #g# #.# #g# #
#@# + #.# # #.#
##### #.# ....#
#.#
....#.##########.#
....#.#..........#
....#.#.##########
....#.#...##


You could see 2 gnolls.

Vanquished Creatures
  2 gnolls (D:2)
  An adder (D:2)
  2 worms (D:2)
  A dart slug (D:2)
  5 bats
  4 endoplasms (D:1)
  2 giant cockroaches (D:1)
  3 goblins
  5 hobgoblins (D:1)
  3 jackals (D:1)
  A quokka (D:1)
  3 ball pythons
  2 frilled lizards (D:1)
  5 kobolds
  A rat (D:1)
40 creatures vanquished.

Vanquished Creatures (others)
  A demonic plant (D:1)
  A fungus (D:1)
2 creatures vanquished.

Grand Total: 42 creatures vanquished

Notes
Turn   | Place    | Note
-------+----------+-------------------------------------------
     0 | D:1      | bobregger the Ogre Berserker began the quest for the Orb.
     0 | D:1      | Reached XP level 1. HP: 24/24 MP: 1/1
   181 | D:1      | Reached XP level 2. HP: 30/32 MP: 2/2
   343 | D:1      | Found a faded altar of an unknown god.
   565 | D:1      | Found Ynkemiaxt's General Store.
   842 | D:1      | Reached XP level 3. HP: 40/40 MP: 3/3
  2101 | D:2      | Reached XP level 4. HP: 24/49 MP: 4/4
  2347 | D:2      | Reached skill level 5 in Fighting
  2358 | D:2      | Mangled by a gnoll

Illustrated notes

Levels and vault maps discovered:
D:1:      dpeg_arrival_more_subterranean_lakeside_camping, layout_loops_corners,
          shapermc_ecumenical_altar_gd, serial_shops, shop, minivault_11
D:2:      layout_basic, serial_aquarium, aquarium_bridge_square
          [aquarium_subvault_wall, aquarium_subvault_bridge,
          aquarium_subvault_balcony, aquarium_subvault_bridge],
          aquarium_window_2, aquarium_window_fake, aquarium_view_2c,
          aquarium_balcony_1b, aquarium_pool_corner, uniq_sigmund

Skill      XL: |  1  2  3  4 |
---------------+-------------+-----
Maces & Flails | 3 |  3.4
Dodging        | 3 |  3.4
Fighting       | 5 |  5.1

Action                   |  1- 3 |  4- 6 || total
-------------------------+-------+-------++-------
Melee: Mace              |    98 |    12 ||   110
Invok: Berserk           |       |     1 ||     1
  Use: Potion            |       |     2 ||     2
Armor: Animal skin       |    48 |     2 ||    50
Dodge: Dodged            |    65 |     9 ||    74
